 Dungeon Crawl Stone Soup version 0.24.0-7-gb3623d2c88 (webtiles) character file.

Game seed: 8944278957504148076, levelgen mode: deterministic

266 Kairok the Sneak (level 6, -4/32 HPs)
             Began as a Vine Stalker Assassin on Nov 2, 2019.
             Slain by ambioz's ghost (9 damage)
             ... on level 4 of the Dungeon.
             The game lasted 00:04:45 (3345 turns).

Kairok the Sneak (Vine Stalker Assassin)            Turns: 3345, Time: 00:04:45

Health: -4/32      AC:  9    Str: 13    XL:     6   Next: 20%
Magic:  0/7        EV:  9    Int: 11    God:
Gold:   133        SH:  0    Dex: 18    Spells: 5/5 levels left

rFire    . . .     SeeInvis +   m - +0 dagger (holy)
rCold    . . .     Gourm    .   (no shield)
rNeg     . . .     Faith    .   l - +2 scale mail
rPois    .         Spirit   +   (no helmet)
rElec    .         Reflect  .   c - +0 cloak
rCorr    .         Harm     .   (no gloves)
MR       .....                  (no boots)
Stlth    ++........             (no amulet)
HPRegen  0.50/turn              n - ring of see invisible
MPRegen  0.10/turn              (no ring)

@: no status effects
A: fangs 2, regeneration 1, magic shield, antimagic bite, no potion heal 3, rot
immunity
a: no special abilities


You were on level 4 of the Dungeon.
You were not hungry.

You visited 1 branch of the dungeon, and saw 4 of its levels.

You collected 133 gold pieces.

Inventory:

Hand Weapons
 a - a +2 dagger
 m - a +0 dagger of holy wrath (weapon)
Missiles
 d - 32 poisoned darts (quivered)
 e - 2 curare-tipped darts
Armour
 b - a +0 robe
 c - a +0 cloak (worn)
 l - a +2 scale mail (worn)
Jewellery
 n - a ring of see invisible (left hand)
Wands
 p - a wand of iceblast (9)
Scrolls
 g - a scroll of fog
 i - 4 scrolls of identify
 j - 3 scrolls of remove curse
 r - 2 scrolls of blinking {unknown}
Potions
 h - 2 potions of haste
 k - a potion of magic
 o - a potion of ambrosia {unknown}
 q - a potion of curing
 s - a potion of agility {unknown}
 t - a potion of flight {unknown}
Comestibles
 f - 10 rations


   Skills:
 + Level 2.5 Fighting
 + Level 3.6 Short Blades
 + Level 2.2 Throwing
 + Level 1.4 Armour
 + Level 1.1 Dodging
 + Level 6.3 Stealth


You had 5 spell levels left.
You didn't know any spells.
Your spell library was empty.

Dungeon Overview and Level Annotations

Branches:
Dungeon (4/15)
 Temple: D:4-7

Altars:

Annotations:
D:4 ambioz's ghost, amateur TrTm


Innate Abilities, Weirdness & Mutations

You have extremely sharp teeth.
Your natural rate of healing is unusually fast.
When hurt, damage is shared between your health and your magic reserves.
Your bite disrupts and absorbs the magic of your enemies.
Potions cannot restore your health.
You are immune to rotting.


Message History

You see here a leather armour.
You eat one of the 11 rations.
That ration really hit the spot!
You open the door.
Your +0 dagger of holy wrath softly glows with a divine radiance!
m - a +0 dagger of holy wrath (weapon)
Ambioz's ghost hits you!
You hit ambioz's ghost but do no damage.
Your bite misses ambioz's ghost. Ambioz's ghost hits you!
You barely miss ambioz's ghost. You closely miss ambioz's ghost.
Your bite misses ambioz's ghost. Ambioz's ghost completely misses you.
You hit ambioz's ghost.
Ambioz's ghost convulses.
You bite ambioz's ghost. You drain its power.
You feel invigorated.
Ambioz's ghost is lightly damaged.
Ambioz's ghost hits you!
* * * LOW HITPOINT WARNING * * *
You closely miss ambioz's ghost. Your bite misses ambioz's ghost.
Ambioz's ghost is lightly damaged.
Ambioz's ghost hits you!
You die...

#.......#....#....
#..)....#....#....
#.......#....#....
###.....#....#....
§§#....##....##...
§§§.[§.##....##...
§r#.§.............
###.§.......))....
#@W...............
#########....##...
##.....####)###...
#..........)..#...
#.............#...
#.............#...
######...##..#######
##.####...###'####...
#.............#......


You could see ambioz's ghost.

Vanquished Creatures
  A scorpion (D:4)
  2 worker ants
  6 adders
  An ooze (D:2)
  A worm (D:3)
  A dart slug (D:3)
  A leopard gecko (D:2)
  13 orcs
  9 bats
  6 giant cockroaches
  11 goblins
  6 hobgoblins
  6 jackals
  8 kobolds
  4 quokkas
  5 frilled lizards
  11 rats
92 creatures vanquished.

Notes
Turn   | Place    | Note
-------+----------+-------------------------------------------
     0 | D:1      | Kairok the Vine Stalker Assassin began the quest for the
                  | Orb.
     0 | D:1      | Reached XP level 1. HP: 11/11 MP: 2/2
   116 | D:1      | Reached skill level 5 in Stealth
   184 | D:1      | You fall into a shaft and drop 1 floor!
   230 | D:1      | Reached XP level 2. HP: 15/15 MP: 3/3
   768 | D:2      | Reached XP level 3. HP: 18/18 MP: 2/4
  1042 | D:2      | Reached skill level 6 in Stealth
  1053 | D:2      | Gained mutation: Your natural rate of healing is unusually
                  | fast. [Vine Stalker growth]
  1053 | D:2      | Reached XP level 4. HP: 2/23 MP: 5/5
  1194 | D:2      | Found a faded altar of an unknown god.
  2042 | D:3      | Reached XP level 5. HP: 26/26 MP: 6/6
  2217 | D:3      | Reached skill level 1 in Dodging
  2244 | D:3      | Reached skill level 1 in Armour
  2808 | D:4      | Reached XP level 6. HP: 10/32 MP: 4/7
  3078 | D:4      | Found a runed translucent door.
  3080 | D:4      | Noticed ambioz's ghost (amateur TrTm)
  3345 | D:4      | Slain by ambioz's ghost

Levels and vault maps discovered:
D:1:      nzn_arrival_settlement, layout_basic
D:2:      layout_basic, chequers_ecumenical_altar_island,
          kennysheep_flooded_box, minmay_joined_circles
D:3:      layout_basic
D:4:      layout_gridville, ebering_ghost_inner_flame, first_ration,
          kennysheep_another_room

Skill      XL: |  1  2  3  4  5 |
---------------+----------------+-----
Stealth        | 5 6 |  6.3
Throwing       | 2 |  2.2
Fighting       | 2 |  2.5
Short Blades   | 2 3 |  3.6
Dodging        | 1 |  1.1
Armour         | 1 |  1.4

Action                   |  1- 3 |  4- 6 || total
-------------------------+-------+-------++-------
Melee: Dagger            |   120 |   212 ||   332
       Bite              |    34 |    61 ||    95
Throw: Dart              |       |     1 ||     1
  Use: Scroll            |     4 |     7 ||    11
       Potion            |     1 |     1 ||     2
 Stab: Sleeping          |     7 |     4 ||    11
  Eat: Chunk             |       |     7 ||     7
       Ration            |       |     1 ||     1
Armor: Scale mail        |    62 |    83 ||   145
Dodge: Dodged            |    63 |    90 ||   153
